PBL
OAKLAND ATHLETICS @ SEATTLE MARINERS
05/07/2071
 
TOP OF THE 1ST
Oakland Athletics batting - Pitching for Seattle Mariners : RHP Steven Parkinson
Pitching: RHP Steven Parkinson
Batting: RHB Jorge Ibarra 0-0: Ball
1-0: Foul Ball, location: 2F
1-1: Foul Ball, location: 2F
1-2: Ball
2-2: Ball
3-2: Strikes out looking
Batting: RHB Ed Burch 0-0: Called Strike
0-1: Foul Ball, location: 9LMF
0-2: Strikes out looking
Batting: LHB Pablo Gonzáles 0-0: Fly out, F4 (Line Drive, 4, EV 60.0 MPH)
Top of the 1st over - 0 runs, 0 hits, 0 errors, 0 left on base; Oakland 0 - Seattle 0
BOTTOM OF THE 1ST
Seattle Mariners batting - Pitching for Oakland Athletics : RHP Michael Walker
Pitching: RHP Michael Walker
Batting: LHB Rob Altobelli 0-0: Foul Ball, location: 2F
0-1: Ball
1-1: Foul Ball, location: 2F
1-2: Strikes out swinging
Batting: RHB Raúl Contreras 0-0: Ball
1-0: Ball
2-0: DOUBLE (Flyball, 8RD, EV 89.4 MPH)
Batting: SHB Nathan Martin 0-0: Swinging Strike
0-1: Swinging Strike
0-2: Ball
1-2: Ball
2-2: Ball
3-2: Strikes out swinging
Batting: LHB Grady Arredondo 0-0: Ball
1-0: Ball
2-0: Ball
3-0: Called Strike
3-1: Base on Balls
Batting: SHB Pete Williams 0-0: Called Strike
0-1: Ball
1-1: Ground out 4-3 (Groundball, 4, EV 77.5 MPH)
Bottom of the 1st over - 0 runs, 1 hit, 0 errors, 2 left on base; Oakland 0 - Seattle 0
TOP OF THE 2ND
Oakland Athletics batting - Pitching for Seattle Mariners : RHP Steven Parkinson
Batting: LHB Félix Castillo 0-0: Ball
1-0: Called Strike
1-1: Called Strike
1-2: Foul Ball, location: 2F
1-2: Strikes out swinging
Batting: LHB Roger McElroy 0-0: Called Strike
0-1: Swinging Strike
0-2: Strikes out swinging
Batting: LHB José Pelingo 0-0: Ball
1-0: Called Strike
1-1: Foul Ball, location: 7LSF
1-2: Foul Ball, location: 7LSF
1-2: Ball
2-2: Foul Ball, location: 23FF
2-2: Ball
3-2: Ground out 5-3 (Groundball, 5, EV 83.1 MPH)
Top of the 2nd over - 0 runs, 0 hits, 0 errors, 0 left on base; Oakland 0 - Seattle 0
BOTTOM OF THE 2ND
Seattle Mariners batting - Pitching for Oakland Athletics : RHP Michael Walker
Batting: RHB Ronald McDonald 0-0: Called Strike
0-1: Ball
1-1: Foul Ball, location: 2F
1-2: Strikes out swinging
Batting: SHB Aaron Trebel 0-0: Called Strike
0-1: Ball
1-1: Swinging Strike
1-2: Fly out, F8 (Flyball, 8LD, EV 98.8 MPH)
Batting: LHB Adam O'Kearin 0-0: Ball
1-0: Foul Ball, location: 7LSF
1-1: Swinging Strike
1-2: Ground out U3 (Groundball, 3, EV 107.5 MPH)
Bottom of the 2nd over - 0 runs, 0 hits, 0 errors, 0 left on base; Oakland 0 - Seattle 0
TOP OF THE 3RD
Oakland Athletics batting - Pitching for Seattle Mariners : RHP Steven Parkinson
Batting: LHB Eric Dodd 0-0: Foul Ball, location: 2F
0-1: Foul Ball, location: 2F
0-2: Ground out 5-3 (Groundball, 5L, EV 86.9 MPH)
Batting: RHB Roberto Morán 0-0: Fly out, F8 (Flyball, 89S, EV 78.8 MPH)
Batting: RHB Calvin Baird 0-0: Fly out, F4 (Popup, 3D, EV 58.8 MPH)
Top of the 3rd over - 0 runs, 0 hits, 0 errors, 0 left on base; Oakland 0 - Seattle 0
BOTTOM OF THE 3RD
Seattle Mariners batting - Pitching for Oakland Athletics : RHP Michael Walker
Batting: RHB Mark Taylor 0-0: Ball
1-0: Called Strike
1-1: Ground out 5-3 (Groundball, 5S, EV 88.8 MPH)
Batting: LHB Rob Altobelli 0-0: Called Strike
0-1: Foul Ball, location: 2F
0-2: Fly out, F8 (Line Drive, 8LM, EV 102.5 MPH)
Batting: RHB Raúl Contreras 0-0: Called Strike
0-1: Ball
1-1: Foul Ball, location: 5FF
1-2: Fly out, F4 (Line Drive, 4, EV 65.6 MPH)
Bottom of the 3rd over - 0 runs, 0 hits, 0 errors, 0 left on base; Oakland 0 - Seattle 0
TOP OF THE 4TH
Oakland Athletics batting - Pitching for Seattle Mariners : RHP Steven Parkinson
Batting: RHB Jorge Ibarra 0-0: Called Strike
0-1: Ball
1-1: SINGLE (Groundball, 56S, EV 68.8 MPH) (infield hit)
Batting: RHB Ed Burch 0-0: Bunt missed!
0-1: Sac Bunt to 25 - play at first, batter OUT! 5-3
Jorge Ibarra to second
Batting: LHB Pablo Gonzáles 0-0: Ground out 4-3 (Groundball, 4S, EV 79.4 MPH)
Jorge Ibarra to third
Batting: LHB Félix Castillo 0-0: Ball
1-0: Foul Ball, location: 7LMF
1-1: Called Strike
1-2: Strikes out swinging
Top of the 4th over - 0 runs, 1 hit, 0 errors, 1 left on base; Oakland 0 - Seattle 0
BOTTOM OF THE 4TH
Seattle Mariners batting - Pitching for Oakland Athletics : RHP Michael Walker
Batting: SHB Nathan Martin 0-0: Ball
1-0: Called Strike
1-1: Called Strike
1-2: Ball
2-2: Ball
3-2: Base on Balls
Batting: LHB Grady Arredondo 0-0: Ball
1-0: Foul Ball, location: 2F
1-1: Ball
2-1: SINGLE (Line Drive, 7S, EV 93.1 MPH)
Nathan Martin to second
Batting: SHB Pete Williams 0-0: Called Strike
0-1: Ball
1-1: Called Strike
1-2: Foul Ball, location: 23F
1-2: Ball
2-2: Fly out, F7 (Flyball, 8LD, EV 91.9 MPH)
Batting: RHB Ronald McDonald 0-0: Ball
Nathan Martin steals 3rd base
Grady Arredondo to second
1-0: Called Strike
1-1: Foul Ball, location: 2F
1-2: Foul Ball, location: 9LMF
1-2: Ball
Wild Pitch!
Nathan Martin scores
Grady Arredondo to third
2-2: Foul Ball, location: 2F
2-2: Ball
3-2: Foul Ball, location: 9LDF
3-2: Foul Ball, location: 7LSF
3-2: Fly out, F6 (Popup, 6MD, EV 50.6 MPH)
Batting: SHB Aaron Trebel 0-0: Ball
1-0: Ball
2-0: Foul Ball, location: 9LSF
2-1: Ball
3-1: Foul Ball, location: 3SF
3-2: Strikes out swinging
Bottom of the 4th over - 1 run, 1 hit, 0 errors, 1 left on base; Oakland 0 - Seattle 1
TOP OF THE 5TH
Oakland Athletics batting - Pitching for Seattle Mariners : RHP Steven Parkinson
Batting: LHB Roger McElroy 0-0: Ball
1-0: Ball
2-0: Called Strike
2-1: Foul Ball, location: 23F
2-2: Foul Ball, location: 23FF
2-2: SINGLE (Groundball, 56D, EV 100.0 MPH)
Batting: LHB José Pelingo 0-0: Foul Ball, location: 7LSF
0-1: Swinging Strike
0-2: Strikes out looking
Batting: LHB Eric Dodd 0-0: Ball
1-0: Called Strike
1-1: Ball
2-1: Swinging Strike
2-2: Strikes out swinging
Batting: RHB Roberto Morán 0-0: Ball
1-0: SINGLE (Groundball, 34D, EV 96.9 MPH)
Roger McElroy to second
Runner from 2nd tries for 3rd, SAFE, throw by RF made to third
Batting: RHB Calvin Baird 0-0: Foul Ball, location: 3FF
0-1: Ball
1-1: Hit by Pitch
Roberto Morán to second
Batting: RHB Jorge Ibarra 0-0: Ball
1-0: Ball
2-0: Ground out 5-3 (Groundball, 56S, EV 71.9 MPH)
Top of the 5th over - 0 runs, 2 hits, 0 errors, 3 left on base; Oakland 0 - Seattle 1
BOTTOM OF THE 5TH
Seattle Mariners batting - Pitching for Oakland Athletics : RHP Michael Walker
Batting: LHB Adam O'Kearin 0-0: Ball
1-0: Ground out U3 (Groundball, 3, EV 88.8 MPH)
Batting: RHB Mark Taylor 0-0: Called Strike
0-1: Fly out, F8 (Line Drive, 8LM, EV 100.6 MPH)
Batting: LHB Rob Altobelli 0-0: Called Strike
0-1: Ball
1-1: SOLO HOME RUN (Flyball, 9D, EV 96.9 MPH), Distance : 378 ft
Batting: RHB Raúl Contreras 0-0: Foul Ball, location: 2F
0-1: Called Strike
0-2: Strikes out swinging
Bottom of the 5th over - 1 run, 1 hit, 0 errors, 0 left on base; Oakland 0 - Seattle 2
TOP OF THE 6TH
Oakland Athletics batting - Pitching for Seattle Mariners : RHP Steven Parkinson
Batting: RHB Ed Burch 0-0: Called Strike
0-1: Called Strike
0-2: Strikes out looking
Batting: LHB Pablo Gonzáles 0-0: Ball
1-0: Ball
2-0: Fly out, F9 (Flyball, 9S, EV 96.3 MPH)
Batting: LHB Félix Castillo 0-0: Ball
1-0: Ball
2-0: Called Strike
2-1: Fly out, F8 (Flyball, 8RXD, EV 101.9 MPH)
Top of the 6th over - 0 runs, 0 hits, 0 errors, 0 left on base; Oakland 0 - Seattle 2
BOTTOM OF THE 6TH
Seattle Mariners batting - Pitching for Oakland Athletics : RHP Michael Walker
Batting: SHB Nathan Martin 0-0: Swinging Strike
0-1: Foul Ball, location: 3F
0-2: Foul Ball, location: 2F
0-2: Ball
1-2: Strikes out swinging
Batting: LHB Grady Arredondo 0-0: Foul Ball, location: 7LSF
0-1: Ball
1-1: Called Strike
1-2: Foul Ball, location: 5FF
1-2: Strikes out swinging
Batting: SHB Pete Williams 0-0: Fly out, F8 (Flyball, 89M, EV 95.0 MPH)
Bottom of the 6th over - 0 runs, 0 hits, 0 errors, 0 left on base; Oakland 0 - Seattle 2
TOP OF THE 7TH
Oakland Athletics batting - Pitching for Seattle Mariners : RHP Steven Parkinson
Batting: LHB Roger McElroy 0-0: Ball
1-0: Called Strike
1-1: Ball
2-1: Fly out, F6 (Popup, 6M, EV 60.6 MPH)
Batting: LHB José Pelingo 0-0: Foul Ball, location: 2F
0-1: Ball
1-1: SOLO HOME RUN (Flyball, 7D, EV 101.3 MPH), Distance : 398 ft
Batting: LHB Eric Dodd 0-0: Ball
1-0: Called Strike
1-1: Ball
2-1: Fly out, F7 (Line Drive, 7D, EV 90.0 MPH)
Batting: RHB Roberto Morán 0-0: Ball
1-0: Foul Ball, location: 5DF
1-1: Called Strike
1-2: Foul Ball, location: 9LMF
1-2: Foul Ball, location: 5FF
1-2: Foul Ball, location: 3F
1-2: Foul Ball, location: 2F
1-2: Ball
2-2: Ball
3-2: Base on Balls
Pitching: RHP Duane Plante
Batting: RHB Calvin Baird 0-0: Swinging Strike
0-1: Ball
1-1: Ball
2-1: Ball
3-1: Fielders Choice at 2nd, 6-4 (Groundball, 6, EV 85.6 MPH)
Top of the 7th over - 1 run, 1 hit, 0 errors, 1 left on base; Oakland 1 - Seattle 2
BOTTOM OF THE 7TH
Seattle Mariners batting - Pitching for Oakland Athletics : RHP Michael Walker
Batting: RHB Ronald McDonald 0-0: Ball
1-0: Called Strike
1-1: Foul Ball, location: 23F
1-2: Foul Ball, location: 9LMF
1-2: Ball
2-2: Ball
3-2: Fly out, F9 (Flyball, 9LD, EV 101.9 MPH)
Pitching: RHP Kevin Spears
Batting: SHB Aaron Trebel 0-0: Ball
1-0: Swinging Strike
1-1: Foul Ball, location: 5SF
1-2: Foul Ball, location: 2F
1-2: Strikes out swinging
Batting: LHB Adam O'Kearin 0-0: TRIPLE (Line Drive, 9D, EV 100.0 MPH)
Batting: RHB Mark Taylor 0-0: Ball
1-0: Fly out, F8 (Flyball, 8LD, EV 108.8 MPH)
Bottom of the 7th over - 0 runs, 1 hit, 0 errors, 1 left on base; Oakland 1 - Seattle 2
TOP OF THE 8TH
Oakland Athletics batting - Pitching for Seattle Mariners : RHP Duane Plante
Batting: RHB Jorge Ibarra 0-0: Called Strike
0-1: Ground out 1-3 (Groundball, 15S, EV 70.6 MPH)
Batting: RHB Ed Burch 0-0: Ball
1-0: Ball
2-0: Ball
3-0: Called Strike
3-1: Swinging Strike
3-2: Foul Ball, location: 25F
3-2: Base on Balls
Batting: LHB Pablo Gonzáles 0-0: Called Strike
0-1: Swinging Strike
0-2: Ball
1-2: Strikes out swinging
Batting: LHB Félix Castillo 0-0: Called Strike
0-1: Called Strike
0-2: Ground out 4-3 (Groundball, 4, EV 108.1 MPH)
Top of the 8th over - 0 runs, 0 hits, 0 errors, 1 left on base; Oakland 1 - Seattle 2
BOTTOM OF THE 8TH
Seattle Mariners batting - Pitching for Oakland Athletics : RHP Kevin Spears
Batting: LHB Rob Altobelli 0-0: Ball
1-0: Ground out 6-3 (Groundball, 6M, EV 84.4 MPH)
Batting: RHB Raúl Contreras 0-0: Swinging Strike
0-1: Ball
1-1: Swinging Strike
1-2: Ball
2-2: Foul Ball, location: 9LSF
2-2: Foul Ball, location: 2F
2-2: SINGLE (Groundball, 4, EV 106.3 MPH) (infield hit)
Batting: SHB Nathan Martin 0-0: Called Strike
0-1: Fielders Choice at 2nd, 4-6 (Groundball, 4, EV 89.4 MPH)
Batting: LHB Grady Arredondo 0-0: Ball
1-0: Called Strike
1-1: Called Strike
1-2: Fly out, F8 (Line Drive, 8RM, EV 90.0 MPH)
Bottom of the 8th over - 0 runs, 1 hit, 0 errors, 1 left on base; Oakland 1 - Seattle 2
TOP OF THE 9TH
Oakland Athletics batting - Pitching for Seattle Mariners : RHP Duane Plante
Pitching: LHP Joel Miller
Pinch Hitting: RHB Miguel Moreno 0-0: Called Strike
0-1: Ball
1-1: Ball
2-1: Fly out, F7 (Flyball, 7, EV 93.8 MPH)
Pinch Hitting: RHB Clarence Jones 0-0: Ball
1-0: Called Strike
1-1: Swinging Strike
1-2: SINGLE (Line Drive, 9LM, EV 98.8 MPH)
Batting: RHB Pablo Ayala 0-0: Called Strike
0-1: Called Strike
Clarence Jones steals 2nd base
0-2: Fly out, F7 (Flyball, 7D, EV 93.8 MPH)
Batting: RHB Roberto Morán 0-0: Called Strike
0-1: Ball
1-1: Foul Ball, location: 3F
1-2: Ball
2-2: Foul Ball, location: 3FF
2-2: Ball
3-2: Base on Balls
Batting: RHB Calvin Baird 0-0: Fly out, F9 (Line Drive, 89M, EV 98.8 MPH)
Top of the 9th over - 0 runs, 1 hit, 0 errors, 2 left on base; Oakland 1 - Seattle 2
Saturday, April 13th , 2024 - OOTP Baseball 24.10 Build 82